 Dungeon Crawl Stone Soup version 0.18.1-48-g4cf74bf (webtiles) character file.

61 cancer the Shooter (level 3, -2/36 HPs)
             Began as a Troll Hunter on Aug 5, 2016.
             Was an Initiate of Qazlal.
             Slain by a worm (10 damage)
             ... on level 2 of the Dungeon.
             The game lasted 00:18:27 (1263 turns).

cancer the Shooter (Troll Hunter)                   Turns: 1263, Time: 00:18:28

Health: -2/36      AC:  6    Str: 20    XL:     3   Next: 83%
Magic:  2/2        EV: 10    Int:  7    God:    Qazlal [......]
Gold:   43         SH:  0    Dex: 11    Spells: 0 memorised, 2 levels left

rFire  . . .     SeeInvis .     b - +0 short sword
rCold  . . .     Gourm    +     c - +1 robe
rNeg   . . .     Faith    .     (no shield)
rPois  .         Spirit   .     (helmet restricted)
rElec  .         Dismiss  .     (no cloak)
rCorr  .         Reflect  .     (gloves unavailable)
SustAt .         Harm     .     (boots unavailable)
MR     .....                    (no amulet)
Stlth  +.........               (no ring)
                                (no ring)

@: not resistant to hostile enchantments, very unstealthy
A: unfitting armour, claws 3, fast metabolism 3, gourmand, regeneration 2,
shaggy fur 1, tough skin 2
a: Renounce Religion


You were on level 2 of the Dungeon.
You worshipped Qazlal.
Qazlal was noncommittal.
You were not hungry.

You visited 1 branch of the dungeon, and saw 2 of its levels.

You collected 43 gold pieces.

Inventory:

Hand Weapons
 a - a +1 shortbow
 b - a +0 short sword (weapon)
Missiles
 d - 17 arrows
Armour
 c - a +1 robe (worn)
 j - a +0 pair of gloves
Jewellery
 m - an uncursed amulet of rage
Scrolls
 e - a scroll of remove curse
 h - a scroll of amnesia
Potions
 g - a potion of might
Comestibles
 f - a bread ration


   Skills:
 + Level 2.6 Fighting
 + Level 3.2 Bows
 - Level 1.6 Dodging
 - Level 0.5 Stealth


You had 2 spell levels left.
You didn't know any spells.

Dungeon Overview and Level Annotations

Branches:
Dungeon (2/15)

Altars:
Dithmenos
Qazlal


Innate Abilities, Weirdness & Mutations

You are too large for most types of armour.
You have claws for hands.
Your metabolism is lightning-fast.
You like to eat raw meat.
You heal very quickly.
You are covered in fur (AC +1).
You have very tough skin (AC +2).


Message History

Things that are here:
a club; a dart slug corpse; a hobgoblin corpse You hit the worm.
The worm is lightly wounded.
The bat hits you but does no damage.
You barely miss the worm.
The worm is lightly wounded.
The bat barely misses you. The worm bites you.
* * * LOW HITPOINT WARNING * * *
You hit the worm but do no damage.
The worm is lightly wounded.
The bat barely misses you. The worm barely misses you.
You hit the worm but do no damage.
The worm is lightly wounded.
The bat hits you.
* * * LOW HITPOINT WARNING * * *
You hit the worm.
The worm is moderately wounded.
The bat hits you but does no damage. The worm bites you!
You die...

#.......##########
##...#.## #.###.#
.######.###.#
............#
###.####.####
#.....##.#
.......#.##
.......#@.##
(.._...bw..#
.......#.#.#
.......#.#.#
#.....##...#
###.## #...# ...
....# .#. ###.# .
.#


You could see a worm and a bat.

Vanquished Creatures
  Jessica (D:2)
  A worm (D:2)
  A dart slug (D:2)
  2 giant geckos (D:1)
  2 giant cockroaches (D:1)
  6 goblins (D:1)
  4 hobgoblins
  2 kobolds (D:1)
  A quokka (D:2)
  2 bats
  A giant newt (D:1)
  3 rats (D:1)
26 creatures vanquished.

Notes
Turn   | Place    | Note
--------------------------------------------------------------
     0 | D:1      | cancer the Troll Hunter began the quest for the Orb.
     0 | D:1      | Reached XP level 1. HP: 19/19 MP: 0/0
   142 | D:1      | Reached skill level 3 in Bows
   249 | D:1      | Reached XP level 2. HP: 27/27 MP: 1/1
  1107 | D:2      | Noticed Jessica
  1114 | D:2      | Reached XP level 3. HP: 33/35 MP: 2/2
  1118 | D:2      | Killed Jessica
  1145 | D:2      | Found a stormy altar of Qazlal.
  1163 | D:2      | Became a worshipper of Qazlal Stormbringer
  1225 | D:2      | Found a shadowy altar of Dithmenos.
  1263 | D:2      | Slain by a worm

Skill      XL: |  1  2 |
---------------+-------+-----
Bows           | 3 |  3.2
Fighting       | 2 |  2.6
Dodging        | |  1.6
Stealth        | |  0.5

Action                   || total
-------------------------++-------
Melee: Short sword       ||    71
 Fire: Shortbow          ||    23
  Use: Scroll            ||     4
       Potion            ||     2
 Stab: Sleeping          ||     1
  Eat: Chunk             ||     6
       Bread ration      ||     1
Armor: Robe              ||    31
Dodge: Dodged            ||    62
